Map: Para Site LE

Players

Nastya

  • Race: Protoss Protoss
  • League: Grandmaster
  • Spawn Location: 5:00

Lambo - Winner!

  • Race: Zerg Zerg
  • League: Master
  • Spawn Location: 11:00

VOD

Have the link to the VOD?

Description

Time

  • Played on: Nov. 30, 2018, 1:33 p.m.
  • Length: 8:33
Show
View Real Time Build Order
Export as new Build Order

Nastya Protoss 

Build Orders:  

Get SALT Encoding   

  12  0:01  Probe  
  13  0:13  Probe  
  14  0:17  Pylon  
  14  0:22  Probe  
  15  0:31  Probe  
  15  0:40  Forge  
  15  0:41  Probe  
  17  0:56  Pylon  
  17  1:08  Pylon  
  17  1:09  Pylon  
  17  1:15  Photon Cannon  
  17  1:20  Gateway  
  17  1:24  Probe  
  18  1:26  Assimilator  
  18  1:29  Assimilator  
  18  1:36  Probe  
  18  1:39  Photon Cannon  
  19  1:47  Probe  
  19  1:48  Assimilator  
  20  1:55  Probe  
  21  2:03  Zealot  
  21  2:04  Probe  
  21  2:07  Cybernetics Core  
  24  2:35  Pylon  
  24  2:47  Robotics Facility  
  24  2:48  Stalker  
  26  2:55  Photon Cannon  
  26  2:56  Photon Cannon  
  26  3:03  Shield Battery  
  28  3:21  Shield Battery  
  28  3:24  Immortal  
  28  3:29  Adept  
  32  3:43  Shield Battery  
  32  3:57  Photon Cannon  
  32  4:00  Pylon  
  32  4:02  Warp Prism  
  32  4:09  Pylon  
  34  4:21  Warp Gate  
  34  4:23  Pylon  
  32  4:43  Photon Cannon  
  32  4:48  Photon Cannon  
  32  5:10  Immortal  
  36  5:23  Gateway  
  36  5:45  Gateway  
  36  5:46  Immortal  
  40  6:01  Shield Battery, Pylon  
  40  6:26  Immortal  
  40  6:32  Gateway  
  40  6:34  Sentry x2  
  48  6:40  Pylon  
  48  7:00  Zealot  
  46  7:02  Zealot x2  
  50  7:16  Observer  
  51  7:24  Sentry x3  
  51  7:28  Pylon  
  51  7:29  Probe  
  58  7:30  Zealot  
  60  7:48  Sentry  
  60  7:49  Zealot x2  
  66  7:51  Zealot  
  62  8:19  Zealot x2  
  28  8:28  Stalker x4  
Show
View Real Time Build Order
Export as new Build Order

Lambo Zerg - Winner!

Build Orders: Hatch First 

Get SALT Encoding   

  12  0:00  Drone  
  13  0:13  Overlord  
  13  0:17  Drone  
  14  0:32  Drone x2  
  16  0:48  Hatchery  
  15  0:51  Drone  
  15  0:54  Drone  
  17  0:57  Drone  
  18  1:18  Spawning Pool  
  17  1:19  Extractor  
  17  1:22  Drone  
  17  1:25  Drone  
  17  1:30  Drone  
  19  1:40  Drone  
  21  1:51  Drone  
  22  2:05  Hatchery  
  21  2:13  Queen, Spine Crawler  
  21  2:15  Overlord  
  22  2:19  Metabolic Boost  
  22  2:34  Hatchery  
  21  2:38  Zergling x2  
  22  2:47  Zergling x4  
  24  2:57  Queen  
  26  3:06  Zergling x4  
  26  3:11  Overlord  
  28  3:28  Zergling x4  
  28  3:33  Zergling x4  
  32  3:36  Zergling x4  
  34  3:41  Lair  
  34  3:45  Zergling x2  
  36  3:48  Drone  
  36  3:58  Zergling x2  
  36  3:59  Drone  
  38  4:08  Overlord  
  38  4:09  Zergling x4  
  40  4:13  Drone  
  40  4:18  Overlord  
  40  4:22  Drone  
  40  4:31  Queen  
  42  4:38  Drone  
  42  4:43  Nydus Network  
  42  4:48  Zergling x4  
  42  4:52  Drone x2  
  46  5:01  Zergling x2  
  46  5:06  Zergling x8  
  47  5:16  Zergling x2  
  47  5:20  Zergling x4  
  47  5:21  Nydus Network  
  49  5:24  Zergling x2  
  46  5:39  Drone  
  46  5:41  Zergling x2  
  48  5:46  Zergling x2  
  48  5:47  Queen  
  50  5:55  Zergling x6  
  52  6:00  Nydus Canal  
  52  6:01  Zergling x2  
  52  6:11  Queen  
  52  6:12  Zergling x8  
  58  6:26  Drone x2  
  58  6:31  Roach Warren  
  59  6:43  Drone, Overlord  
  59  6:44  Overlord  
  58  6:57  Zergling x4  
  58  7:01  Zergling x6  
  56  7:06  Overlord  
  53  7:09  Overlord  
  53  7:16  Roach  
  53  7:17  Roach x4  
  53  7:22  Roach  
  65  7:29  Queen  
  67  7:36  Roach  
  71  7:37  Roach  
  71  7:40  Ravager x3  
  72  7:46  Zergling x6  
  75  7:51  Roach  
  75  7:55  Zergling x4  
  75  7:56  Zergling x2  
  80  8:02  Extractor  
  68  8:15  Zergling x10  
Tags
 
Add a new tag
Caveats
  • Supply blocks, unpowered buildings, or Contaminate may cause inaccurate times.
  • Supply counts are checked every 10 seconds.